Get step-by-step instructions on how to execute this build order below. Start the game timer, and the build order will tick by so you can play in parallel with StarCraft on a second screen or mobile device.

Game Time

  0:00

Last Step

  N/A

Next Step

Upcoming Step



Don't want to look back and forth between 2 screens? Try out our Overwolf App, the Spawning Tool Build Advisor to get an in-game overlay with this build!

Complete Build Order

  12  0:00  Probe  
  13  0:12  Probe  
  14  0:17  Pylon  
  14  0:24  Probe (Chrono Boost)  
  15  0:36  Probe (Chrono Boost)  
  15  0:37  Gateway  
  16  0:44  Probe (Chrono Boost)  
  16  0:45  Assimilator  
  17  0:51  Probe  
  17  0:54  Assimilator  
  18  1:03  Probe (Chrono Boost)  
  19  1:10  Gateway  
  19  1:12  Probe (Chrono Boost)  
  19  1:17  Probe (Chrono Boost)  
  20  1:24  Cybernetics Core  
  21  1:29  Probe  
  21  1:32  Pylon  
  22  1:41  Probe  
  23  1:53  Probe  
  24  2:01  Adept x2  
  26  2:03  Warp Gate  
  28  2:08  Shield Battery  
  28  2:12  Pylon  
  28  2:13  Probe  
  29  2:25  Pylon  
  29  2:31  Adept  
  29  2:34  Stargate  
  29  2:36  Adept  
  33  2:59  Shield Battery  
  33  3:11  Nexus  
  33  3:15  Oracle (Chrono Boost)  
  33  3:18  Shield Battery  
  36  3:20  Pylon  
  36  3:35  Probe  
  37  3:45  Oracle  
  40  3:51  Stalker  
  40  3:52  Stalker  
  44  3:59  Probe  
  44  4:03  Twilight Council  
  44  4:11  Probe  
  45  4:23  Stalker  
  45  4:24  Stalker  
  45  4:31  Probe  
  46  4:35  Probe  
  47  4:39  Blink (Chrono Boost)  
  47  4:43  Probe  
  44  4:49  Probe (Chrono Boost)  
  45  4:55  Probe (Chrono Boost)  
  47  5:00  Stalker  
  47  5:04  Probe (Chrono Boost)  
  47  5:05  Probe (Chrono Boost)  
  50  5:08  Stalker  
  50  5:09  Probe (Chrono Boost)  
  50  5:11  Probe  
  54  5:21  Probe  
  54  5:23  Probe  
  56  5:28  Gateway  
  56  5:29  Stalker  
  56  5:30  Gateway  
  56  5:33  Probe  
  56  5:34  Pylon  
  59  5:36  Probe  
  59  5:39  Stalker  
  62  5:48  Pylon  
  62  5:52  Probe  
  63  5:58  Nexus  
  63  6:03  Probe  
  64  6:06  Stalker, Pylon  
  64  6:09  Stalker  
  68  6:17  Pylon, Probe  
  69  6:19  Assimilator  
  69  6:22  Forge  
  69  6:23  Probe  
  67  6:34  Probe  
  67  6:36  Shield Battery, Probe  
  67  6:37  Pylon  
  67  6:39  Adept x2  
  73  6:44  Stalker  
  75  6:47  Stalker  
  75  6:48  Probe  
  75  6:50  Protoss Ground Weapons Level 1 (Chrono Boost)  
  75  6:52  Probe  
  79  7:00  Probe  
  80  7:02  Pylon  
  80  7:04  Stalker  
  80  7:05  Stalker  
  80  7:07  Probe (Chrono Boost)  
  85  7:11  Probe (Chrono Boost)  
  85  7:13  Stalker  
  89  7:19  Probe (Chrono Boost)  
  89  7:20  Stalker  
  89  7:21  Probe (Chrono Boost)  
  92  7:24  Probe (Chrono Boost)  
  92  7:27  Probe (Chrono Boost)  
  92  7:28  Robotics Facility, Probe (Chrono Boost)  
  95  7:33  Stalker x2  
  95  7:34  Probe  
  96  7:42  Assimilator  
  96  7:46  Photon Cannon, Stalker x2  
  96  7:48  Probe  
  101  7:55  Gateway  
  101  7:58  Gateway  
  101  8:06  Nexus  
  101  8:10  Pylon  
  101  8:12  Photon Cannon  
  101  8:15  Photon Cannon  
  101  8:16  Observer, Charge (Chrono Boost)  
  102  8:30  Adept  
  102  8:31  Protoss Ground Weapons Level 2 (Chrono Boost), Adept  
  102  8:33  Stalker x2  
  110  8:42  Observer  
  110  8:43  Photon Cannon, Probe  
  110  8:46  Shield Battery  
  112  8:52  Gateway  
  112  8:53  Gateway  
  112  8:55  Forge  
  112  8:57  Probe  
  113  9:06  Stalker x3  
  113  9:07  Stalker  
  119  9:13  Observer  
  118  9:18  Probe  
  118  9:19  Probe  
  118  9:20  Pylon, Probe  
  118  9:22  Probe  
  122  9:26  Gateway  
  122  9:27  Gateway  
  122  9:30  Probe  
  123  9:36  Stalker x4  
  131  9:38  Probe  
  126  9:47  Warp Prism  
  124  9:53  Zealot x4  
  124  9:54  Probe  
  135  10:02  Protoss Ground Armor Level 1 (Chrono Boost)  
  135  10:04  Zealot x4  
  135  10:05  Dark Shrine  
  142  10:20  Stalker x2  
  142  10:21  Stalker x2  
  150  10:23  Observer  
  151  10:32  Probe x2  
  151  10:33  Assimilator  
  151  10:41  Stalker x6  
  134  11:07  Stalker  
  134  11:08  Stalker  
  134  11:09  Zealot x4  
  134  11:10  Zealot x4  
  147  11:21  Probe x2  
  147  11:24  Assimilator  
  147  11:33  Stalker x5  
  147  11:36  Pylon  
  147  11:38  Pylon  
  145  11:40  Pylon  
  129  11:50  Zealot x5  
  137  11:59  Stalker x3  
  137  12:00  Stalker x2  
  132  12:06  Zealot  
  114  12:14  Stalker x4  
  106  12:16  Stalker  
  102  12:23  Zealot x5  
  111  12:40  Zealot x5  
  111  12:49  Stalker x4